 Dungeon Crawl Stone Soup version 0.21-a0-414-gba8bdf1 (webtiles) character file.

2496 grizmgrazm2 the Magician (level 9, -2/69 HPs)
             Began as a Human Earth Elementalist on Nov 2, 2017.
             Was a Priest of Sif Muna.
             Slain by a yak (16 damage)
             ... on level 8 of the Dungeon.
             The game lasted 00:32:55 (7568 turns).

grizmgrazm2 the Magician (Human Earth Elementalist) Turns: 7568, Time: 00:32:56

Health: -2/69      AC:  5    Str:  8    XL:     9   Next: 82%
Magic:  4/19       EV: 12    Int: 19    God:    Sif Muna [***...]
Gold:   393        SH:  0    Dex: 16    Spells: 7/22 levels left

rFire    + . .     SeeInvis .   u - +2 dagger (elec)
rCold    . . .     Gourm    .   (no shield)
rNeg     + . .     Faith    .   I - +0 leather armour
rPois    .         Spirit   .   (no helmet)
rElec    .         Reflect  .   p - +0 cloak
rCorr    .         Harm     .   q - +0 pair of gloves
MR       .....                  (no boots)
Stlth    ++........             k - amulet of regeneration
HPRegen  0.61/turn              y - ring of positive energy
MPRegen  0.16/turn              b - ring of protection from fire

@: no status effects
A: hooves 1, agile 1, mutation resistance 1
a: Divine Energy, Channel Magic, Renounce Religion


You were on level 8 of the Dungeon.
You worshipped Sif Muna.
Sif Muna was most pleased with you.
You were not hungry.

You visited 1 branch of the dungeon, and saw 8 of its levels.

You collected 393 gold pieces.

Inventory:

Hand Weapons
 a - a +0 club
 j - a +0 dagger
 l - a +0 short sword
 u - a +2 dagger of electrocution (weapon)
 C - a +1 vampiric dagger
 H - a +0 rapier
Missiles
 v - 30 sling bullets
 F - 50 stones (quivered)
Armour
 c - a +0 robe
 p - a +0 cloak (worn)
 q - a +0 pair of gloves (worn)
 D - a +0 ring mail
 I - a +0 leather armour (worn)
Jewellery
 b - a ring of protection from fire (right hand)
 k - an amulet of regeneration (around neck)
 r - an uncursed amulet of rage
 y - a ring of positive energy (left hand)
Wands
 E - a wand of flame (20/48)
Scrolls
 f - 3 scrolls of remove curse
 g - 7 scrolls of amnesia
 s - a scroll of teleportation
Potions
 d - a potion of mutation {unknown}
 h - 2 potions of flight
 i - 2 potions of resistance {unknown}
 m - a potion of invisibility
 o - 3 potions of ambrosia {unknown}
 t - a potion of brilliance {unknown}
 J - a potion of haste {unknown}
Books
 e - a book of Geomancy

   Spells                             Type                      Level
   a - Sandblast                      Earth                        1
   b - Passwall                       Transmutation/Earth          2
   c - Stone Arrow                    Conjuration/Earth            3
   d - Petrify                        Transmutation/Earth          4
   e - Lee's Rapid Deconstruction     Earth                        5
 n - a book of Necromancy

   Spells                             Type                      Level
   a - Pain                           Necromancy                   1
   b - Animate Skeleton               Necromancy                   1
   c - Vampiric Draining              Necromancy                   3
   d - Regeneration                   Charms/Necromancy            3
   e - Animate Dead                   Necromancy                   4
   f - Control Undead                 Necromancy                   4
 A - a book of Flames

   Spells                             Type                      Level
   a - Flame Tongue                   Conjuration/Fire             1
   b - Throw Flame                    Conjuration/Fire             2
   c - Conjure Flame                  Conjuration/Fire             3
   d - Inner Flame                    Hexes/Fire                   3
   e - Sticky Flame                   Conjuration/Fire             4
   f - Fireball                       Conjuration/Fire             5
Comestibles
 w - 2 meat rations
 B - 8 bread rations


   Skills:
 + Level 5.8 Fighting
 - Level 2.0 Dodging
 - Level 2.0 Stealth
 * Level 7.3 Spellcasting
 - Level 2.5 Conjurations
 + Level 5.0 Transmutations
 - Level 6.1 Earth Magic


You had 7 spell levels left.
You knew the following spells:

 Your Spells              Type           Power        Failure   Level  Hunger
a - Sandblast             Erth           ####..       1%          1    None
b - Stone Arrow           Conj/Erth      ###...       7%          3    #......
c - Petrify               Tmut/Erth      ####....     14%         4    ###....
d - Animate Dead          Necr           N/A          82%         4    ###....
e - Conjure Flame         Conj/Fire      ##......     26%         3    #......


Dungeon Overview and Level Annotations

Branches:
Dungeon (8/15)             Temple (0/1) D:7
   Lair: D:8-11

Altars:
Fedhas
Gozag
Hepliaklqana
Qazlal
Sif Muna
Vehumet
Wu Jian
Yredelemnul
The Shining One

Shops:
D:7 (


Innate Abilities, Weirdness & Mutations

You have large cloven feet.
You are agile. (Dex +2)
You are somewhat resistant to further mutation.


Message History

Aim: a yak The stone arrow misses the yak.
Casting: Stone Arrow
Confirm with . or Enter, or press ? or * to list all spells.
Aiming: Stone Arrow
Press: ? - help, Shift-Dir - straight line, f/p - yak
Aim: a yak The stone arrow hits the yak.
The yak is moderately wounded.
The yak closely misses you.
Casting: Stone Arrow
Confirm with . or Enter, or press ? or * to list all spells.
Aiming: Sandblast
Press: ? - help, Shift-Dir - straight line, f/p - yak
Aim: a yak (moderately wounded)
The blast of sand hits the yak.
The yak is moderately wounded.
F - 50 stones The yak gores you!
You die...

..
§.#...#..#
..
.§#..Y#..#
#.#...#..#
#.#..Y#..#
##.#...#..#
#......$..#
....##..#.##
........#Y#
##.###.##@#
. <. #!# #..
#.# ... #.#
... #.# #.#
#.# #.#


You could see a yak.

Vanquished Creatures
  Pikel (D:7)
  A yak (D:8)
  Sigmund (D:2)
  Menkaure (D:7)
  A sky beast (D:5)
  A slave (D:7)
  An ogre (D:5)
  A centaur (D:6)
  3 bullfrogs
  A scorpion (D:5)
  A howler monkey (D:5)
  3 wights (D:7)
  A crimson imp (D:7)
  A jelly (D:6)
  4 orc wizards
  A gnoll shaman (D:4)
  4 orc priests
  A bullfrog skeleton (D:5)
  5 worker ants
  Natasha (twice) (D:2)
  An iguana (D:5)
  A hound zombie (D:7)
  2 hound skeletons
  A worker ant zombie (D:7)
  16 gnolls
  A howler monkey skeleton (D:5)
  6 adders
  A shadow imp (D:8)
  An adder skeleton (D:4)
  A dart slug (D:2)
  7 worms
  6 leopard geckos
  28 orcs
  5 giant cockroaches
  5 goblins
  8 hobgoblins
  10 jackals
  3 kobolds (D:1)
  A quokka (D:6)
  2 ball pythons
  7 bats
  9 frilled lizards
  A leopard gecko zombie (D:7)
  A quokka skeleton (D:6)
  6 rats
165 creatures vanquished.

Vanquished Creatures (others)
  A spriggan (D:7)
1 creature vanquished.

Grand Total: 166 creatures vanquished

Notes
Turn   | Place    | Note
-------+----------+-------------------------------------------
     0 | D:1      | grizmgrazm2 the Human Earth Elementalist began the quest for the Orb.
     0 | D:1      | Reached XP level 1. HP: 13/13 MP: 3/3
     2 | D:1      | Noticed a ghoul
     2 | D:1      | Noticed a demonspawn
     4 | D:1      | Noticed a centaur
     4 | D:1      | Noticed a felid
     6 | D:1      | Noticed a merfolk
     6 | D:1      | Noticed a gargoyle
     8 | D:1      | Noticed a formicid
     8 | D:1      | Noticed a naga
    10 | D:1      | Noticed a vampire
    12 | D:1      | Noticed a halfling
    12 | D:1      | Noticed a troll
    14 | D:1      | Noticed a vine stalker
    14 | D:1      | Noticed an elf
    16 | D:1      | Noticed a minotaur
    16 | D:1      | Noticed an octopode
    18 | D:1      | Noticed a dwarf
    20 | D:1      | Noticed a demigod
    20 | D:1      | Noticed a tengu
    22 | D:1      | Noticed a spriggan
    22 | D:1      | Noticed an ogre
    24 | D:1      | Noticed a draconian
    24 | D:1      | Noticed a human
   367 | D:1      | Reached XP level 2. HP: 14/20 MP: 3/5
  1284 | D:1      | Reached XP level 3. HP: 25/25 MP: 4/6
  1286 | D:1      | Reached skill level 1 in Fighting
  1399 | D:2      | Learned a level 3 spell: Stone Arrow
  1714 | D:2      | Noticed Natasha
  1909 | D:3      | Reached XP level 4. HP: 14/32 MP: 0/7
  2386 | D:3      | Reached XP level 5. HP: 36/38 MP: 1/8
  2465 | D:3      | Learned a level 4 spell: Petrify
  2491 | D:3      | Found a deep blue altar of Sif Muna.
  2495 | D:3      | Became a worshipper of Sif Muna the Loreminder
  2562 | D:3      | Reached skill level 1 in Conjurations
  3056 | D:3      | Reached XP level 6. HP: 28/44 MP: 1/10
  3058 | D:3      | Reached skill level 3 in Spellcasting
  3407 | D:3      | Found a glowing golden altar of the Shining One.
  3647 | D:2      | Killed Natasha
  3694 | D:2      | Reached skill level 5 in Earth Magic
  3697 | D:2      | Noticed Sigmund
  3757 | D:2      | Killed Sigmund
  3757 | D:2      | Reached * piety under Sif Muna
  3757 | D:2      | Reached XP level 7. HP: 50/51 MP: 6/12
  3815 | D:2      | Found a radiant altar of Vehumet.
  3841 | D:2      | Noticed Natasha
  3852 | D:2      | Killed Natasha
  4195 | D:4      | Learned a level 4 spell: Animate Dead
  4208 | D:4      | Found a blossoming altar of Fedhas.
  4212 | D:4      | Found a stormy altar of Qazlal.
  4694 | D:4      | Found an ornate altar of the Wu Jian Council.
  4784 | D:4      | Reached XP level 8. HP: 49/58 MP: 10/13
  4799 | D:4      | Found a hazy altar of Hepliaklqana.
  5012 | D:5      | Entered Level 5 of the Dungeon
  5047 | D:5      | Reached skill level 4 in Spellcasting
  5094 | D:5      | Learned a level 3 spell: Conjure Flame
  5203 | D:5      | Reached ** piety under Sif Muna
  5422 | D:5      | Reached skill level 5 in Spellcasting
  5425 | D:5      | Gained mutation: Scrolls take you a little longer to read. [mutagenic meat]
  5426 | D:5      | Gained mutation: You are agile. (Dex +2) [mutagenic meat]
  5427 | D:5      | Gained mutation: You have large cloven feet. [mutagenic meat]
  5428 | D:5      | Gained mutation: You are somewhat resistant to further mutation. [mutagenic meat]
  5429 | D:5      | Lost mutation: Scrolls take you a little longer to read. [mutagenic meat]
  5810 | D:6      | Found an opulent altar of Gozag.
  6248 | D:6      | Reached XP level 9. HP: 44/66 MP: 3/17
  6649 | D:7      | Found a staircase to the Ecumenical Temple.
  6655 | D:7      | Noticed Pikel
  6696 | D:7      | Killed Pikel
  6696 | D:7      | Reached *** piety under Sif Muna
  6696 | D:7      | Reached skill level 5 in Fighting
  6696 | D:7      | Reached skill level 6 in Spellcasting
  6765 | D:7      | Found a basalt altar of Yredelemnul.
  6957 | D:7      | Noticed Menkaure
  6963 | D:7      | Killed Menkaure
  7098 | D:7      | Identified a scroll of acquirement
  7108 | D:7      | Reached skill level 7 in Spellcasting
  7227 | D:7      | Found Gippeul's Antique Weapon Boutique.
  7447 | D:8      | Noticed a polar bear
  7564 | D:8      | Reached skill level 5 in Transmutations
  7568 | D:8      | Slain by a yak

Vault maps used:
D:1:      kb_arrival_jail
D:2:      old_standard_altar, minmay_pentomino_w2, uniq_natasha, uniq_sigmund
D:3:      nicolae_tso_swordbearing_angel, led_sif_book
D:4:      grunt_temple_overflow_forces_of_nature, lemuel_coloured_pillars_altar,
          kennysheep_mini
D:5:      first_bread, serial_bayou_pond_a
D:6:      nicolae_overflow_hidden_temple
D:7:      marbit_many_paths, minmay_temple_entry_large_hall, serial_shops, shop,
          the_bakery, uniq_pikel, uniq_menkaure
D:8:      okawaru_trees_2, nicolae_overflow_crystal_walls, serial_ice,
          serial_ice_o, serial_ice_e, serial_ice_i, serial_ice_g, serial_ice_a,
          serial_ice_f, water_boxes_lemuel

Skill      XL: |  1  2  3  4  5  6  7  8  9 |
---------------+----------------------------+-----
Fighting       | 1 2 3 4 5 |  5.8
Earth Magic    | 4 5 6 |  6.1
Conjurations   | 1 2 |  2.5
Spellcasting   | 3 5 7 |  7.3
Transmutations | 2 3 5 |  5.0
Dodging        | |  2.0
Stealth        | |  2.0

Action                   |  1- 3 |  4- 6 |  7- 9 || total
-------------------------+-------+-------+-------++-------
Melee: Unarmed           |     2 |       |       ||     2
       Short sword       |    83 |    41 |       ||   124
       Club              |     2 |       |       ||     2
       Dagger            |       |    60 |   304 ||   364
       Kick              |       |       |    45 ||    45
 Cast: Sandblast         |    34 |     5 |    79 ||   118
       Stone Arrow       |     9 |    23 |    26 ||    58
  Use: Scroll            |       |     7 |    12 ||    19
       Potion            |       |     2 |     5 ||     7
 Stab: Sleeping          |     1 |     2 |     2 ||     5
       Distracted        |       |       |     2 ||     2
  Eat: Chunk             |     4 |     6 |    17 ||    27
       Royal jelly       |       |     1 |       ||     1
       Bread ration      |       |     1 |       ||     1
       Meat ration       |       |       |     1 ||     1
Armor: Robe              |    16 |       |       ||    16
       Leather armour    |    17 |    14 |    51 ||    82
       Ring mail         |       |       |    49 ||    49
Dodge: Dodged            |    95 |    64 |   207 ||   366

Table legend:
 A = Spawn XP
 B = Non-spawn XP
 C = Spawn XP percentage of total XP
 D = Spawn monster count
 E = Non-spawn monster count
 F = Spawn count percentage of total count
 G = Total turns spent on level
                    A         B        C        D         E        F      G
               +---------+---------+-------+---------+---------+-------+---------
         Total |       0 |    3567 |   0.0 |       0 |     164 |   0.0 |  7568
               +---------+---------+-------+---------+---------+-------+---------
           D:1 |       0 |      31 |   0.0 |       0 |      20 |   0.0 |  1321
           D:2 |       0 |     377 |   0.0 |       0 |      31 |   0.0 |   966
           D:3 |       0 |     278 |   0.0 |       0 |      37 |   0.0 |  1882
           D:4 |       0 |     397 |   0.0 |       0 |      22 |   0.0 |   843
           D:5 |       0 |     635 |   0.0 |       0 |      21 |   0.0 |   755
           D:6 |       0 |     364 |   0.0 |       0 |      14 |   0.0 |   737
           D:7 |       0 |    1260 |   0.0 |       0 |      17 |   0.0 |  1022
           D:8 |       0 |     225 |   0.0 |       0 |       2 |   0.0 |    42
               +---------+---------+-------+---------+---------+-------+---------
